 Dungeon Crawl Stone Soup version 0.29.0-4-gdea44cf6ec (webtiles) character file.

Game seed: 14681587287055128742

4314 qw the Cleaver (level 10, 64/64 HPs)
             Began as a Gargoyle Fighter on Sept 6, 2022.
             Was a Priest of Okawaru.
             Quit the game on level 9 of the Dungeon.
             The game lasted 00:07:42 (9463 turns).

qw the Cleaver (Gargoyle Fighter)                   Turns: 9463, Time: 00:07:43

Health: 64/64      AC: 38    Str: 30    XL:     10   Next: 33%
Magic:  11/11      EV:  8    Int: 11    God:    Okawaru [***...]
Gold:   86         SH:  9    Dex:  9    Spells: 9/9 levels left

rFire   . . .      SeeInvis .   Y - +4 war axe
rCold   + . .      Faith    .   c - +0 buckler
rNeg    + + .      Spirit   .   A - +8 plate armour of the Moon {rN+ Int+4}
rPois   inf        Reflect  +   a - +0 helmet
rElec   +          Harm     .   x - +2 cloak {rPois}
rCorr   .          Rampage  .   l - +1 pair of gloves
Will    .....                   m - +2 pair of boots of Oschahe {Str+6}
Stlth   ..........              b - amulet of reflection
HPRegen 0.20/turn               v - ring of protection from cold
MPRegen 0.12/turn               (no ring)

@: no status effects
A: sickness immunity, AC +7, negative energy resistance 1, electricity
resistance, torment resistance 1, petrification resistance, dopey 1, low MP 1
a: Renounce Religion, Heroism


You were on level 9 of the Dungeon.
You worshipped Okawaru.
Okawaru was most pleased with you.
You visited 1 branch of the dungeon, and saw 9 of its levels.

You collected 455 gold pieces.
You spent 369 gold pieces at shops.


Innate Abilities, Weirdness & Mutations

You are immune to sickness and miasma.
Your stone body is resilient. (AC +7)
You are immune to poison.
You resist negative energy. (rN+)
You are resistant to electric shocks. (rElec)
You are resistant to unholy torment.
You are immune to petrification.
You are dopey. (Int -2)
Your magical capacity is low. (-10% MP)


   Skills:
 - Level 8.2 Fighting
 + Level 9.3 Axes
 - Level 2.0 Throwing
 - Level 7.0 Armour
 - Level 2.3 Dodging
 - Level 4.2 Shields
 - Level 4.3 Invocations


You had 9 spell levels left.
You didn't know any spells.
Your spell library was empty.

Inventory:

Hand Weapons
 h - a +0 morningstar
 Y - a +4 war axe (weapon)
Missiles
 p - 3 javelins (quivered)
 r - 7 boomerangs
Armour
 a - a +0 helmet (worn)
 c - a +0 buckler (worn)
 l - a +1 pair of gloves (worn)
 m - the +2 pair of boots of Oschahe (worn) {Str+6}
   (You found it on level 2 of the Dungeon)

   Str:       It affects your strength (+6).
 x - a +2 cloak of poison resistance (worn)
 A - the +8 plate armour of the Moon (worn) {rN+ Int+4}
   (You found it on level 7 of the Dungeon)

   Int:       It affects your intelligence (+4).
   rN:        It protects you from negative energy.
Jewellery
 b - an amulet of reflection (around neck)
 q - a ring of fire
 v - a ring of protection from cold (left hand)
Scrolls
 g - a scroll of identify
Potions
 d - a potion of might
 e - 2 potions of heal wounds
 f - 3 potions of attraction
 i - 4 potions of curing
 n - a potion of cancellation {unknown}
 t - 2 potions of mutation
 w - a potion of magic

Dungeon Overview and Level Annotations

Branches:
Dungeon (9/15)             Temple (0/1) D:7
   Lair: D:8-11         Orc: D:9-12

Altars:
Ashenzari
Cheibriados
Dithmenos
Hepliaklqana
Okawaru
Sif Muna
Trog
Uskayaw
Wu Jian
Xom

Shops:
D:3 [   D:7 ?=[*


Message History

What level of the Dungeon? (default 1, ? - help) Sorry, I don't know how to get there.
Done exploring.
9457 ||| Stepping randomly (stuck).
(D) Dungeon (T) Temple
Where to? (* - list waypoints, Enter - D:8, ? - help)
What level of the Dungeon? (default 1, ? - help) Sorry, I don't know how to get there.
Done exploring.
9458 ||| Stepping randomly (stuck).
(D) Dungeon (T) Temple
Where to? (* - list waypoints, Enter - D:8, ? - help)
What level of the Dungeon? (default 1, ? - help) Sorry, I don't know how to get there.
Done exploring.
9459 ||| Stepping randomly (stuck).
(D) Dungeon (T) Temple
Where to? (* - list waypoints, Enter - D:8, ? - help)
What level of the Dungeon? (default 1, ? - help) Sorry, I don't know how to get there.
Done exploring.
9460 ||| Stepping randomly (stuck).
(D) Dungeon (T) Temple
Where to? (* - list waypoints, Enter - D:8, ? - help)
What level of the Dungeon? (default 1, ? - help) Sorry, I don't know how to get there.
Done exploring.
9461 ||| Stepping randomly (stuck).
(D) Dungeon (T) Temple
Where to? (* - list waypoints, Enter - D:8, ? - help)
What level of the Dungeon? (default 1, ? - help) Sorry, I don't know how to get there.
Done exploring.
9462 ||| Stepping randomly (stuck).
(D) Dungeon (T) Temple
Where to? (* - list waypoints, Enter - D:8, ? - help)
What level of the Dungeon? (default 1, ? - help) Sorry, I don't know how to get there.
Done exploring.
Are you sure you want to abandon this character and quit the game? (Confirm with "yes".)

###>###
#8...8#
##.....##
#8.....8#
##.....##
#8...8#
##:....##
#8.....8#
##.@...##
#8...8#
###_###
#####
#cz##
.z.#
#####


You could see a centaur warrior and 2 wights.

Vanquished Creatures
  A hydra (D:7)
  Maggie (D:6)
  3 wyverns
  Eustachio (D:5)
  A water moccasin (D:6)
  Pargi (D:3)
  A black bear (D:6)
  An orc warrior (D:6)
  An ice beast (D:6)
  2 sky beasts
  An ogre (D:7)
  2 centaurs
  3 phantoms (D:6)
  2 kobold brigands
  2 scorpions
  6 wights
  6 killer bees (D:7)
  4 howler monkeys
  3 orc priests
  2 hounds (D:5)
  3 jellies
  2 iguanas (D:6)
  Jessica (D:3)
  Natasha (thrice) (D:2)
  2 orc wizards
  Robin (D:3)
  9 adders
  3 gnolls (D:3)
  2 shadow imps
  2 white imps
  3 ufetubi
  2 worms
  A dart slug (D:1)
  26 orcs
  6 ball pythons
  7 endoplasms
  5 giant cockroaches
  11 goblins
  11 hobgoblins
  2 jackals (D:3)
  3 quokkas
  8 bats
  2 frilled lizards
  16 kobolds
  3 rats
178 creatures vanquished.

Notes
Turn   | Place    | Note
-------+----------+-------------------------------------------
     0 | D:1      | qw the Gargoyle Fighter began the quest for the Orb.
     0 | D:1      | Reached XP level 1. HP: 14/14 MP: 1/1
     0 | D:1      | 0 ||| qw: Version: 0.1-a-108-g9e35731
     0 | D:1      | 0 ||| qw: Game counter: 6372
     0 | D:1      | 0 ||| qw: Always use a shield: true
     0 | D:1      | 0 ||| qw: God list: Okawaru
     0 | D:1      | 0 ||| qw: Allow faded altars: false
     0 | D:1      | 0 ||| qw: Do Orc after D:15 true
     0 | D:1      | 0 ||| qw: Do second Lair branch before Depths: true
     0 | D:1      | 0 ||| qw: Lair rune preference: random
     0 | D:1      | 0 ||| qw: Plans: Normal, Zot, God:TSO, Crypt, Tomb, Zig,
                  | Orb
     0 | D:1      | 0 ||| PLANNING D:1-11
    53 | D:1      | Reached skill level 2 in Axes
   230 | D:1      | Found a faded altar of an unknown god.
   412 | D:1      | Reached XP level 2. HP: 17/19 MP: 2/2
  1271 | D:1      | You fall into a shaft and drop 1 floor!
  1281 | D:2      | 1281 ||| UPGRADING to +0 chain mail.
  1291 | D:2      | 1291 ||| DROPPING +0 scale mail.
  1292 | D:2      | 1292 ||| UPGRADING to +0 plate armour.
  1302 | D:2      | 1302 ||| DROPPING +0 chain mail.
  1303 | D:2      | 1303 ||| READING scroll labelled OCHOFF NUWATI.
  1304 | D:2      | 1304 ||| READING scroll labelled KEEHOGH JENAPU.
  1352 | D:2      | 1352 ||| DRINKING 2 bubbling amethyst potions.
  1406 | D:1      | 1406 ||| UPGRADING to +0 helmet.
  1529 | D:2      | Noticed Natasha
  1532 | D:2      | Noticed a crimson imp
  1532 | D:2      | Killed Natasha
  1533 | D:2      | Reached skill level 3 in Axes
  1533 | D:2      | Reached XP level 3. HP: 23/23 MP: 3/3
  1577 | D:2      | Noticed Natasha
  1583 | D:2      | Killed Natasha
  1584 | D:2      | Reached skill level 4 in Axes
  1584 | D:2      | Reached XP level 4. HP: 10/28 MP: 4/4
  1884 | D:2      | Noticed Natasha
  1885 | D:2      | 1885 ||| FLEEEEING.
  1886 | D:2      | 1886 ||| FLEEEEING.
  1899 | D:2      | Killed Natasha
  1900 | D:2      | Reached XP level 5. HP: 28/32 MP: 5/5
  2014 | D:2      | Identified the +2 pair of boots of Oschahe {Str+6}
  2032 | D:2      | Identified the +11 falchion of the Dove {antimagic, rC+
                  | Will++ Dex-5}
  2309 | D:2      | 2309 ||| UPGRADING to +2 pair of boots of Oschahe {Str+6}.
  2314 | D:2      | 2314 ||| UPGRADING to amulet of reflection.
  2319 | D:2      | 2319 ||| READING scroll labelled SUSEIL JEAPS.
  2323 | D:2      | 2323 ||| READING 2 scrolls labelled ZAGUIKHL PULEXT.
  2409 | D:3      | Found Does's Antique Armour Shop.
  2439 | D:3      | Noticed Robin
  2445 | D:3      | Reached skill level 5 in Axes
  2467 | D:3      | Killed Robin
  2475 | D:3      | 2475 ||| DRINKING 2 potions of curing.
  2475 | D:3      | 2475 ||| (to cure confusion)
  2477 | D:3      | Reached XP level 6. HP: 30/38 MP: 6/6
  2538 | D:3      | 2538 ||| DROPPING +0 club.
  2539 | D:3      | 2539 ||| DROPPING +0 whip.
  2549 | D:3      | 2549 ||| SHOPLISTING crude chain mail (199 gold, have 138).
  2549 | D:3      | 2549 ||| BUYING pair of gloves (94 gold).
  2549 | D:3      | Bought a pair of gloves for 94 gold pieces
  2597 | D:3      | Noticed Pargi
  2615 | D:3      | Killed Pargi
  2797 | D:3      | Noticed Jessica
  2803 | D:3      | Killed Jessica
  2804 | D:3      | Reached skill level 6 in Axes
  2895 | D:3      | 2895 ||| Stepping ~*~*~tactically~*~*~ (stealth).
  3161 | D:3      | Found a shadowy altar of Dithmenos.
  3167 | D:3      | Found an iron altar of Okawaru.
  3175 | D:3      | Became a worshipper of Warmaster Okawaru
  3180 | D:3      | Found a broken altar of Ashenzari.
  3235 | D:3      | 3235 ||| UPGRADING to +0 pair of gloves.
  3240 | D:3      | 3240 ||| READING scroll labelled URPHUBR TUCRUW.
  3241 | D:3      | 3241 ||| READING scroll labelled RAAQITHROPI.
  3242 | D:3      | 3242 ||| READING scroll labelled DUFUIFF GOADUI.
  3243 | D:3      | 3243 ||| READING scroll labelled EMUKUZ HIDIBOIG.
  3244 | D:3      | 3244 ||| READING scroll labelled YFRAPA SAIMN.
  3245 | D:3      | 3245 ||| DRINKING 2 lumpy puce potions.
  3565 | D:4      | Reached XP level 7. HP: 30/43 MP: 7/7
  3617 | D:4      | 3617 ||| FLEEEEING.
  3618 | D:4      | 3618 ||| FLEEEEING.
  3619 | D:4      | 3619 ||| FLEEEEING.
  3621 | D:4      | 3621 ||| FLEEEEING.
  3622 | D:4      | 3622 ||| FLEEEEING.
  3623 | D:4      | 3623 ||| FLEEEEING.
  3624 | D:4      | 3624 ||| FLEEEEING.
  3625 | D:4      | 3625 ||| FLEEEEING.
  3626 | D:4      | 3626 ||| FLEEEEING.
  4161 | D:4      | 4161 ||| DRINKING 2 murky grey potions.
  4162 | D:4      | 4162 ||| DROPPING potion of flight.
  4198 | D:5      | Entered Level 5 of the Dungeon
  4205 | D:5      | Noticed Eustachio
  4252 | D:5      | Killed Eustachio
  4287 | D:5      | 4287 ||| Stepping ~*~*~tactically~*~*~ (stealth).
  4288 | D:5      | 4288 ||| Stepping ~*~*~tactically~*~*~ (stealth).
  4304 | D:5      | 4304 ||| Stepping ~*~*~tactically~*~*~ (stealth).
  4309 | D:5      | 4309 ||| Stepping ~*~*~tactically~*~*~ (stealth).
  4352 | D:5      | 4352 ||| Stepping ~*~*~tactically~*~*~ (hiding).
  4415 | D:5      | 4415 ||| READING scroll of enchant armour.
  4415 | D:5      | 4415 ||| ENCHANTING +0 pair of gloves.
  4578 | D:5      | Reached * piety under Okawaru
  4579 | D:5      | 4579 ||| INVOKING Heroism.
  4585 | D:5      | Reached XP level 8. HP: 44/48 MP: 5/8
  4680 | D:5      | 4680 ||| Stepping ~*~*~tactically~*~*~ (stealth).
  4722 | D:5      | 4722 ||| Stepping ~*~*~tactically~*~*~ (stealth).
  4723 | D:5      | 4723 ||| Stepping ~*~*~tactically~*~*~ (stealth).
  4726 | D:5      | 4726 ||| INVOKING Heroism.
  4734 | D:5      | Reached skill level 7 in Axes
  4734 | D:5      | Reached skill level 1 in Invocations
  4952 | D:5      | 4952 ||| READING scroll labelled JUERGH CESUFO.
  4953 | D:5      | 4953 ||| READING 2 scrolls labelled JIEZOT AFAMI.
  4954 | D:5      | 4954 ||| DROPPING scroll of fear.
  4975 | D:6      | 4975 ||| INVOKING Heroism.
  4994 | D:6      | 4994 ||| STAIRDANCE
  5087 | D:6      | 5087 ||| INVOKING Heroism.
  5089 | D:6      | Reached skill level 1 in Throwing
  5146 | D:6      | Noticed Maggie
  5164 | D:6      | Reached skill level 3 in Invocations
  5164 | D:6      | 5164 ||| INVOKING Heroism.
  5171 | D:6      | Killed Maggie
  5172 | D:6      | Reached XP level 9. HP: 22/54 MP: 7/12
  5363 | D:6      | 5363 ||| INVOKING Heroism.
  5366 | D:6      | Reached skill level 8 in Axes
  5502 | D:6      | Found an ornate altar of the Wu Jian Council.
  5502 | D:6      | Found a bloodstained altar of Trog.
  5526 | D:6      | 5526 ||| INVOKING Heroism.
  5547 | D:6      | 5547 ||| INVOKING Heroism.
  5562 | D:6      | 5562 ||| INVOKING Heroism.
  5677 | D:6      | Reached skill level 6 in Fighting
  5993 | D:6      | 5993 ||| INVOKING Heroism.
  6077 | D:7      | Found Moant's Jewellery Boutique.
  6081 | D:7      | 6081 ||| SHOPLISTING +6 ring of strength (432 gold, have
                  | 232).
  6081 | D:7      | 6081 ||| SHOPLISTING ring of fire (300 gold, have 232).
  6081 | D:7      | 6081 ||| SHOPLISTING ring of resist corrosion (240 gold,
                  | have 232).
  6091 | D:7      | 6091 ||| Stepping ~*~*~tactically~*~*~ (stealth).
  6092 | D:7      | 6092 ||| Stepping ~*~*~tactically~*~*~ (stealth).
  6094 | D:7      | 6094 ||| INVOKING Heroism.
  6105 | D:7      | Reached ** piety under Okawaru
  6160 | D:7      | Found Sostriuwu's Antique Armour Boutique.
  6245 | D:7      | 6245 ||| SHOPLISTING bronze ice dragon scales (2015 gold,
                  | have 246).
  6264 | D:7      | Found Kuychuwn's Assorted Antiques.
  6280 | D:7      | Reached skill level 9 in Axes
  6287 | D:7      | 6287 ||| BUYING glowing cloak (195 gold).
  6287 | D:7      | Bought a glowing cloak for 195 gold pieces
  6287 | D:7      | 6287 ||| SHOPLISTING potion of might (104 gold, have 65).
  6287 | D:7      | 6287 ||| BUYING scroll labelled LEDE WUANESYUX (26 gold).
  6287 | D:7      | Bought a scroll labelled LEDE WUANESYUX for 26 gold pieces
  6287 | D:7      | 6287 ||| BUYING scroll labelled WESEKI XOTH (26 gold).
  6287 | D:7      | Bought a scroll labelled WESEKI XOTH for 26 gold pieces
  6287 | D:7      | 6287 ||| SHOPLISTING shiny chain mail (195 gold, have 13).
  6325 | D:7      | 6325 ||| Stepping ~*~*~tactically~*~*~ (hiding).
  6416 | D:7      | 6416 ||| Stepping ~*~*~tactically~*~*~ (stealth).
  6417 | D:7      | 6417 ||| Stepping ~*~*~tactically~*~*~ (stealth).
  6421 | D:7      | 6421 ||| Stepping ~*~*~tactically~*~*~ (stealth).
  6423 | D:7      | 6423 ||| INVOKING Heroism.
  6501 | D:7      | Identified the +8 plate armour of the Moon {rN+ Int+4}
  6506 | D:7      | Found a shimmering altar of Xom.
  6506 | D:7      | Found a snail-covered altar of Cheibriados.
  6519 | D:7      | Found a shimmering blue altar of Sif Muna.
  6528 | D:7      | Found a hide-covered altar of Uskayaw.
  6560 | D:7      | 6560 ||| Stepping ~*~*~tactically~*~*~ (hiding).
  6564 | D:7      | 6564 ||| INVOKING Heroism.
  6584 | D:7      | 6584 ||| READING scroll of enchant weapon.
  6584 | D:7      | 6584 ||| ENCHANTING +1 war axe.
  6712 | D:7      | 6712 ||| Stepping ~*~*~tactically~*~*~ (stealth).
  6713 | D:7      | 6713 ||| Stepping ~*~*~tactically~*~*~ (stealth).
  6715 | D:7      | 6715 ||| Stepping ~*~*~tactically~*~*~ (stealth).
  6716 | D:7      | 6716 ||| Stepping ~*~*~tactically~*~*~ (stealth).
  6724 | D:7      | Reached skill level 6 in Armour
  6777 | D:7      | Found a staircase to the Ecumenical Temple.
  6835 | D:7      | Found Icirreps's Magic Scroll Emporium.
  6843 | D:7      | 6843 ||| BUYING scroll of identify (28 gold).
  6843 | D:7      | Bought a scroll of identify for 28 gold pieces
  6843 | D:7      | 6843 ||| SHOPLISTING scroll of identify (28 gold, have 21).
  6870 | D:7      | Noticed a seven-headed hydra
  6871 | D:7      | 6871 ||| INVOKING Heroism.
  6872 | D:7      | 6872 ||| SWAPPING to +0 flail.
  6883 | D:7      | Killed a seven-headed hydra
  6883 | D:7      | Reached *** piety under Okawaru
  6884 | D:7      | Reached XP level 10. HP: 24/64 MP: 11/13
  6884 | D:7      | 6884 ||| SWAPPING to +2 war axe.
  7285 | D:7      | 7285 ||| UPGRADING to +2 cloak of poison resistance.
  7290 | D:7      | 7290 ||| UPGRADING to +8 plate armour of the Moon {rN+
                  | Int+4}.
  7300 | D:7      | 7300 ||| DROPPING +0 plate armour.
  7301 | D:7      | 7301 ||| DROPPING amulet of guardian spirit.
  7302 | D:7      | 7302 ||| DROPPING amulet of faith.
  7303 | D:7      | 7303 ||| UPGRADING to ring of protection from cold.
  7304 | D:7      | 7304 ||| READING scroll labelled LEDE WUANESYUX.
  7305 | D:7      | 7305 ||| READING scroll labelled WESEKI XOTH.
  7306 | D:7      | 7306 ||| DRINKING 2 bubbling inky potions.
  7407 | D:7      | 7407 ||| DRINKING 2 green potions.
  7408 | D:7      | 7408 ||| READING 2 scrolls of identify.
  7408 | D:7      | 7408 ||| IDENTIFYING cyan potion
  7409 | D:7      | 7409 ||| DROPPING potion of brilliance.
  7410 | D:7      | 7410 ||| DROPPING potion of ambrosia.
  7485 | D:8      | 7485 ||| Stepping ~*~*~tactically~*~*~ (stealth).
  7496 | D:8      | 7496 ||| Stepping ~*~*~tactically~*~*~ (stealth).
  7498 | D:8      | 7498 ||| Stepping ~*~*~tactically~*~*~ (stealth).
  7501 | D:8      | 7501 ||| Stepping ~*~*~tactically~*~*~ (stealth).
  7523 | D:8      | 7523 ||| READING scroll of enchant weapon.
  7523 | D:8      | 7523 ||| ENCHANTING +2 war axe.
  7574 | D:8      | 7574 ||| DROPPING +0 flail.
  7683 | D:8      | 7683 ||| INVOKING Heroism.
  7813 | D:8      | 7813 ||| Stepping ~*~*~tactically~*~*~ (hiding).
  7990 | D:8      | 7990 ||| READING scroll of enchant weapon.
  7990 | D:8      | 7990 ||| ENCHANTING +3 war axe.
  8290 | D:8      | 8290 ||| DRINKING 4 ruby potions.
  8290 | D:8      | Gained mutation: You are occasionally teleported next to
                  | monsters. [potion of mutation]
  8290 | D:8      | Gained mutation: You possess an exceptional clarity of
                  | mind. [potion of mutation]
  8291 | D:8      | 8291 ||| DRINKING 3 potions of mutation.
  8291 | D:8      | Lost mutation: You are occasionally teleported next to
                  | monsters. [potion of mutation]
  8291 | D:8      | Lost mutation: You possess an exceptional clarity of mind.
                  | [potion of mutation]
  8291 | D:8      | Gained mutation: Your magical capacity is low. (-10% MP)
                  | [potion of mutation]
  8291 | D:8      | Gained mutation: You are dopey. (Int -2) [potion of
                  | mutation]
  8305 | D:9      | 8305 ||| Stepping ~*~*~tactically~*~*~ (hiding).
  8307 | D:9      | 8307 ||| Stepping ~*~*~tactically~*~*~ (hiding).
  8341 | D:9      | Noticed a skeletal warrior
  8342 | D:9      | Noticed a centaur warrior
  8342 | D:9      | Found the +8 trishula "Condemnation" {holy, anguish, *Noise
                  | Fly rN+}
  8343 | D:9      | 8343 ||| INVOKING Heroism.
  8344 | D:9      | Noticed a boulder beetle
  8346 | D:9      | Noticed a six-headed hydra
  8348 | D:9      | HP: 10/64 [skeletal warrior/+0 glaive (14)]
  8349 | D:9      | 8349 ||| READING scroll of teleportation.
  8349 | D:9      | Noticed a seven-headed hydra
  8350 | D:9      | 8350 ||| DRINKING 4 potions of heal wounds.
  8350 | D:9      | Noticed a red ugly thing
  8351 | D:9      | 8351 ||| SWAPPING to +0 morningstar.
  8352 | D:9      | 8352 ||| Stepping ~*~*~tactically~*~*~ (outnumbered).
  8353 | D:9      | 8353 ||| DRINKING 3 potions of heal wounds.
  8354 | D:9      | 8354 ||| SWAPPING to +4 war axe.
  8456 | D:9      | 8456 ||| Invisible monster not found???
  8456 | D:9      | Found a hazy altar of Hepliaklqana.
  8463 | D:9      | 8463 ||| Stepping randomly (stuck).
  8464 | D:9      | 8464 ||| Stepping randomly (stuck).
  8465 | D:9      | 8465 ||| Stepping randomly (stuck).
  8466 | D:9      | 8466 ||| Stepping randomly (stuck).
  8467 | D:9      | 8467 ||| Stepping randomly (stuck).
  8468 | D:9      | 8468 ||| Stepping randomly (stuck).
  8469 | D:9      | 8469 ||| Stepping randomly (stuck).
  8470 | D:9      | 8470 ||| Stepping randomly (stuck).
  8471 | D:9      | 8471 ||| Stepping randomly (stuck).
  8472 | D:9      | 8472 ||| Stepping randomly (stuck).
  8473 | D:9      | 8473 ||| Stepping randomly (stuck).
  8474 | D:9      | 8474 ||| Stepping randomly (stuck).
  8475 | D:9      | 8475 ||| Stepping randomly (stuck).
  8476 | D:9      | 8476 ||| Stepping randomly (stuck).
  8477 | D:9      | 8477 ||| Stepping randomly (stuck).
  8478 | D:9      | 8478 ||| Stepping randomly (stuck).
  8479 | D:9      | 8479 ||| Stepping randomly (stuck).
  8480 | D:9      | 8480 ||| Stepping randomly (stuck).
  8481 | D:9      | 8481 ||| Stepping randomly (stuck).
  8482 | D:9      | 8482 ||| Stepping randomly (stuck).
  8483 | D:9      | 8483 ||| Stepping randomly (stuck).
  8484 | D:9      | 8484 ||| Stepping randomly (stuck).
  8485 | D:9      | 8485 ||| Stepping randomly (stuck).
  8486 | D:9      | 8486 ||| Stepping randomly (stuck).
  8487 | D:9      | 8487 ||| Stepping randomly (stuck).
  8488 | D:9      | 8488 ||| Stepping randomly (stuck).
  8489 | D:9      | 8489 ||| Stepping randomly (stuck).
  8490 | D:9      | 8490 ||| Stepping randomly (stuck).
  8491 | D:9      | 8491 ||| Stepping randomly (stuck).
  8492 | D:9      | 8492 ||| Stepping randomly (stuck).
  8493 | D:9      | 8493 ||| Stepping randomly (stuck).
  8494 | D:9      | 8494 ||| Stepping randomly (stuck).
  8495 | D:9      | 8495 ||| Stepping randomly (stuck).
  8496 | D:9      | 8496 ||| Stepping randomly (stuck).
  8497 | D:9      | 8497 ||| Stepping randomly (stuck).
  8498 | D:9      | 8498 ||| Stepping randomly (stuck).
  8499 | D:9      | 8499 ||| Stepping randomly (stuck).
  8500 | D:9      | 8500 ||| Stepping randomly (stuck).
  8501 | D:9      | 8501 ||| Stepping randomly (stuck).
  8502 | D:9      | 8502 ||| Stepping randomly (stuck).
  8503 | D:9      | 8503 ||| Stepping randomly (stuck).
  8504 | D:9      | 8504 ||| Stepping randomly (stuck).
  8505 | D:9      | 8505 ||| Stepping randomly (stuck).
  8506 | D:9      | 8506 ||| Stepping randomly (stuck).
  8507 | D:9      | 8507 ||| Stepping randomly (stuck).
  8508 | D:9      | 8508 ||| Stepping randomly (stuck).
  8509 | D:9      | 8509 ||| Stepping randomly (stuck).
  8510 | D:9      | 8510 ||| Stepping randomly (stuck).
  8511 | D:9      | 8511 ||| Stepping randomly (stuck).
  8512 | D:9      | 8512 ||| Stepping randomly (stuck).
  8513 | D:9      | 8513 ||| Stepping randomly (stuck).
  8514 | D:9      | 8514 ||| Stepping randomly (stuck).
  8515 | D:9      | 8515 ||| Stepping randomly (stuck).
  8516 | D:9      | 8516 ||| Stepping randomly (stuck).
  8517 | D:9      | 8517 ||| Stepping randomly (stuck).
  8518 | D:9      | 8518 ||| Stepping randomly (stuck).
  8519 | D:9      | 8519 ||| Stepping randomly (stuck).
  8520 | D:9      | 8520 ||| Stepping randomly (stuck).
  8521 | D:9      | 8521 ||| Stepping randomly (stuck).
  8522 | D:9      | 8522 ||| Stepping randomly (stuck).
  8523 | D:9      | 8523 ||| Stepping randomly (stuck).
  8524 | D:9      | 8524 ||| Stepping randomly (stuck).
  8525 | D:9      | 8525 ||| Stepping randomly (stuck).
  8526 | D:9      | 8526 ||| Stepping randomly (stuck).
  8527 | D:9      | 8527 ||| Stepping randomly (stuck).
  8528 | D:9      | 8528 ||| Stepping randomly (stuck).
  8529 | D:9      | 8529 ||| Stepping randomly (stuck).
  8530 | D:9      | 8530 ||| Stepping randomly (stuck).
  8531 | D:9      | 8531 ||| Stepping randomly (stuck).
  8532 | D:9      | 8532 ||| Stepping randomly (stuck).
  8533 | D:9      | 8533 ||| Stepping randomly (stuck).
  8534 | D:9      | 8534 ||| Stepping randomly (stuck).
  8535 | D:9      | 8535 ||| Stepping randomly (stuck).
  8536 | D:9      | 8536 ||| Stepping randomly (stuck).
  8537 | D:9      | 8537 ||| Stepping randomly (stuck).
  8538 | D:9      | 8538 ||| Stepping randomly (stuck).
  8539 | D:9      | 8539 ||| Stepping randomly (stuck).
  8540 | D:9      | 8540 ||| Stepping randomly (stuck).
  8541 | D:9      | 8541 ||| Stepping randomly (stuck).
  8542 | D:9      | 8542 ||| Stepping randomly (stuck).
  8543 | D:9      | 8543 ||| Stepping randomly (stuck).
  8544 | D:9      | 8544 ||| Stepping randomly (stuck).
  8545 | D:9      | 8545 ||| Stepping randomly (stuck).
  8546 | D:9      | 8546 ||| Stepping randomly (stuck).
  8547 | D:9      | 8547 ||| Stepping randomly (stuck).
  8548 | D:9      | 8548 ||| Stepping randomly (stuck).
  8549 | D:9      | 8549 ||| Stepping randomly (stuck).
  8550 | D:9      | 8550 ||| Stepping randomly (stuck).
  8551 | D:9      | 8551 ||| Stepping randomly (stuck).
  8552 | D:9      | 8552 ||| Stepping randomly (stuck).
  8553 | D:9      | 8553 ||| Stepping randomly (stuck).
  8554 | D:9      | 8554 ||| Stepping randomly (stuck).
  8555 | D:9      | 8555 ||| Stepping randomly (stuck).
  8556 | D:9      | 8556 ||| Stepping randomly (stuck).
  8557 | D:9      | 8557 ||| Stepping randomly (stuck).
  8558 | D:9      | 8558 ||| Stepping randomly (stuck).
  8559 | D:9      | 8559 ||| Stepping randomly (stuck).
  8560 | D:9      | 8560 ||| Stepping randomly (stuck).
  8561 | D:9      | 8561 ||| Stepping randomly (stuck).
  8562 | D:9      | 8562 ||| Stepping randomly (stuck).
  8563 | D:9      | 8563 ||| Stepping randomly (stuck).
  8564 | D:9      | 8564 ||| Stepping randomly (stuck).
  8565 | D:9      | 8565 ||| Stepping randomly (stuck).
  8566 | D:9      | 8566 ||| Stepping randomly (stuck).
  8567 | D:9      | 8567 ||| Stepping randomly (stuck).
  8568 | D:9      | 8568 ||| Stepping randomly (stuck).
  8569 | D:9      | 8569 ||| Stepping randomly (stuck).
  8570 | D:9      | 8570 ||| Stepping randomly (stuck).
  8571 | D:9      | 8571 ||| Stepping randomly (stuck).
  8572 | D:9      | 8572 ||| Stepping randomly (stuck).
  8573 | D:9      | 8573 ||| Stepping randomly (stuck).
  8574 | D:9      | 8574 ||| Stepping randomly (stuck).
  8575 | D:9      | 8575 ||| Stepping randomly (stuck).
  8576 | D:9      | 8576 ||| Stepping randomly (stuck).
  8577 | D:9      | 8577 ||| Stepping randomly (stuck).
  8578 | D:9      | 8578 ||| Stepping randomly (stuck).
  8579 | D:9      | 8579 ||| Stepping randomly (stuck).
  8580 | D:9      | 8580 ||| Stepping randomly (stuck).
  8581 | D:9      | 8581 ||| Stepping randomly (stuck).
  8582 | D:9      | 8582 ||| Stepping randomly (stuck).
  8583 | D:9      | 8583 ||| Stepping randomly (stuck).
  8584 | D:9      | 8584 ||| Stepping randomly (stuck).
  8585 | D:9      | 8585 ||| Stepping randomly (stuck).
  8586 | D:9      | 8586 ||| Stepping randomly (stuck).
  8587 | D:9      | 8587 ||| Stepping randomly (stuck).
  8588 | D:9      | 8588 ||| Stepping randomly (stuck).
  8589 | D:9      | 8589 ||| Stepping randomly (stuck).
  8590 | D:9      | 8590 ||| Stepping randomly (stuck).
  8591 | D:9      | 8591 ||| Stepping randomly (stuck).
  8592 | D:9      | 8592 ||| Stepping randomly (stuck).
  8593 | D:9      | 8593 ||| Stepping randomly (stuck).
  8594 | D:9      | 8594 ||| Stepping randomly (stuck).
  8595 | D:9      | 8595 ||| Stepping randomly (stuck).
  8596 | D:9      | 8596 ||| Stepping randomly (stuck).
  8597 | D:9      | 8597 ||| Stepping randomly (stuck).
  8598 | D:9      | 8598 ||| Stepping randomly (stuck).
  8599 | D:9      | 8599 ||| Stepping randomly (stuck).
  8600 | D:9      | 8600 ||| Stepping randomly (stuck).
  8601 | D:9      | 8601 ||| Stepping randomly (stuck).
  8602 | D:9      | 8602 ||| Stepping randomly (stuck).
  8603 | D:9      | 8603 ||| Stepping randomly (stuck).
  8604 | D:9      | 8604 ||| Stepping randomly (stuck).
  8605 | D:9      | 8605 ||| Stepping randomly (stuck).
  8606 | D:9      | 8606 ||| Stepping randomly (stuck).
  8607 | D:9      | 8607 ||| Stepping randomly (stuck).
  8608 | D:9      | 8608 ||| Stepping randomly (stuck).
  8609 | D:9      | 8609 ||| Stepping randomly (stuck).
  8610 | D:9      | 8610 ||| Stepping randomly (stuck).
  8611 | D:9      | 8611 ||| Stepping randomly (stuck).
  8612 | D:9      | 8612 ||| Stepping randomly (stuck).
  8613 | D:9      | 8613 ||| Stepping randomly (stuck).
  8614 | D:9      | 8614 ||| Stepping randomly (stuck).
  8615 | D:9      | 8615 ||| Stepping randomly (stuck).
  8616 | D:9      | 8616 ||| Stepping randomly (stuck).
  8617 | D:9      | 8617 ||| Stepping randomly (stuck).
  8618 | D:9      | 8618 ||| Stepping randomly (stuck).
  8619 | D:9      | 8619 ||| Stepping randomly (stuck).
  8620 | D:9      | 8620 ||| Stepping randomly (stuck).
  8621 | D:9      | 8621 ||| Stepping randomly (stuck).
  8622 | D:9      | 8622 ||| Stepping randomly (stuck).
  8623 | D:9      | 8623 ||| Stepping randomly (stuck).
  8624 | D:9      | 8624 ||| Stepping randomly (stuck).
  8625 | D:9      | 8625 ||| Stepping randomly (stuck).
  8626 | D:9      | 8626 ||| Stepping randomly (stuck).
  8627 | D:9      | 8627 ||| Stepping randomly (stuck).
  8628 | D:9      | 8628 ||| Stepping randomly (stuck).
  8629 | D:9      | 8629 ||| Stepping randomly (stuck).
  8630 | D:9      | 8630 ||| Stepping randomly (stuck).
  8631 | D:9      | 8631 ||| Stepping randomly (stuck).
  8632 | D:9      | 8632 ||| Stepping randomly (stuck).
  8633 | D:9      | 8633 ||| Stepping randomly (stuck).
  8634 | D:9      | 8634 ||| Stepping randomly (stuck).
  8635 | D:9      | 8635 ||| Stepping randomly (stuck).
  8636 | D:9      | 8636 ||| Stepping randomly (stuck).
  8637 | D:9      | 8637 ||| Stepping randomly (stuck).
  8638 | D:9      | 8638 ||| Stepping randomly (stuck).
  8639 | D:9      | 8639 ||| Stepping randomly (stuck).
  8640 | D:9      | 8640 ||| Stepping randomly (stuck).
  8641 | D:9      | 8641 ||| Stepping randomly (stuck).
  8642 | D:9      | 8642 ||| Stepping randomly (stuck).
  8643 | D:9      | 8643 ||| Stepping randomly (stuck).
  8644 | D:9      | 8644 ||| Stepping randomly (stuck).
  8645 | D:9      | 8645 ||| Stepping randomly (stuck).
  8646 | D:9      | 8646 ||| Stepping randomly (stuck).
  8647 | D:9      | 8647 ||| Stepping randomly (stuck).
  8648 | D:9      | 8648 ||| Stepping randomly (stuck).
  8649 | D:9      | 8649 ||| Stepping randomly (stuck).
  8650 | D:9      | 8650 ||| Stepping randomly (stuck).
  8651 | D:9      | 8651 ||| Stepping randomly (stuck).
  8652 | D:9      | 8652 ||| Stepping randomly (stuck).
  8653 | D:9      | 8653 ||| Stepping randomly (stuck).
  8654 | D:9      | 8654 ||| Stepping randomly (stuck).
  8655 | D:9      | 8655 ||| Stepping randomly (stuck).
  8656 | D:9      | 8656 ||| Stepping randomly (stuck).
  8657 | D:9      | 8657 ||| Stepping randomly (stuck).
  8658 | D:9      | 8658 ||| Stepping randomly (stuck).
  8659 | D:9      | 8659 ||| Stepping randomly (stuck).
  8660 | D:9      | 8660 ||| Stepping randomly (stuck).
  8661 | D:9      | 8661 ||| Stepping randomly (stuck).
  8662 | D:9      | 8662 ||| Stepping randomly (stuck).
  8663 | D:9      | 8663 ||| Stepping randomly (stuck).
  8664 | D:9      | 8664 ||| Stepping randomly (stuck).
  8665 | D:9      | 8665 ||| Stepping randomly (stuck).
  8666 | D:9      | 8666 ||| Stepping randomly (stuck).
  8667 | D:9      | 8667 ||| Stepping randomly (stuck).
  8668 | D:9      | 8668 ||| Stepping randomly (stuck).
  8669 | D:9      | 8669 ||| Stepping randomly (stuck).
  8670 | D:9      | 8670 ||| Stepping randomly (stuck).
  8671 | D:9      | 8671 ||| Stepping randomly (stuck).
  8672 | D:9      | 8672 ||| Stepping randomly (stuck).
  8673 | D:9      | 8673 ||| Stepping randomly (stuck).
  8674 | D:9      | 8674 ||| Stepping randomly (stuck).
  8675 | D:9      | 8675 ||| Stepping randomly (stuck).
  8676 | D:9      | 8676 ||| Stepping randomly (stuck).
  8677 | D:9      | 8677 ||| Stepping randomly (stuck).
  8678 | D:9      | 8678 ||| Stepping randomly (stuck).
  8679 | D:9      | 8679 ||| Stepping randomly (stuck).
  8680 | D:9      | 8680 ||| Stepping randomly (stuck).
  8681 | D:9      | 8681 ||| Stepping randomly (stuck).
  8682 | D:9      | 8682 ||| Stepping randomly (stuck).
  8683 | D:9      | 8683 ||| Stepping randomly (stuck).
  8684 | D:9      | 8684 ||| Stepping randomly (stuck).
  8685 | D:9      | 8685 ||| Stepping randomly (stuck).
  8686 | D:9      | 8686 ||| Stepping randomly (stuck).
  8687 | D:9      | 8687 ||| Stepping randomly (stuck).
  8688 | D:9      | 8688 ||| Stepping randomly (stuck).
  8689 | D:9      | 8689 ||| Stepping randomly (stuck).
  8690 | D:9      | 8690 ||| Stepping randomly (stuck).
  8691 | D:9      | 8691 ||| Stepping randomly (stuck).
  8692 | D:9      | 8692 ||| Stepping randomly (stuck).
  8693 | D:9      | 8693 ||| Stepping randomly (stuck).
  8694 | D:9      | 8694 ||| Stepping randomly (stuck).
  8695 | D:9      | 8695 ||| Stepping randomly (stuck).
  8696 | D:9      | 8696 ||| Stepping randomly (stuck).
  8697 | D:9      | 8697 ||| Stepping randomly (stuck).
  8698 | D:9      | 8698 ||| Stepping randomly (stuck).
  8699 | D:9      | 8699 ||| Stepping randomly (stuck).
  8700 | D:9      | 8700 ||| Stepping randomly (stuck).
  8701 | D:9      | 8701 ||| Stepping randomly (stuck).
  8702 | D:9      | 8702 ||| Stepping randomly (stuck).
  8703 | D:9      | 8703 ||| Stepping randomly (stuck).
  8704 | D:9      | 8704 ||| Stepping randomly (stuck).
  8705 | D:9      | 8705 ||| Stepping randomly (stuck).
  8706 | D:9      | 8706 ||| Stepping randomly (stuck).
  8707 | D:9      | 8707 ||| Stepping randomly (stuck).
  8708 | D:9      | 8708 ||| Stepping randomly (stuck).
  8709 | D:9      | 8709 ||| Stepping randomly (stuck).
  8710 | D:9      | 8710 ||| Stepping randomly (stuck).
  8711 | D:9      | 8711 ||| Stepping randomly (stuck).
  8712 | D:9      | 8712 ||| Stepping randomly (stuck).
  8713 | D:9      | 8713 ||| Stepping randomly (stuck).
  8714 | D:9      | 8714 ||| Stepping randomly (stuck).
  8715 | D:9      | 8715 ||| Stepping randomly (stuck).
  8716 | D:9      | 8716 ||| Stepping randomly (stuck).
  8717 | D:9      | 8717 ||| Stepping randomly (stuck).
  8718 | D:9      | 8718 ||| Stepping randomly (stuck).
  8719 | D:9      | 8719 ||| Stepping randomly (stuck).
  8720 | D:9      | 8720 ||| Stepping randomly (stuck).
  8721 | D:9      | 8721 ||| Stepping randomly (stuck).
  8722 | D:9      | 8722 ||| Stepping randomly (stuck).
  8723 | D:9      | 8723 ||| Stepping randomly (stuck).
  8724 | D:9      | 8724 ||| Stepping randomly (stuck).
  8725 | D:9      | 8725 ||| Stepping randomly (stuck).
  8726 | D:9      | 8726 ||| Stepping randomly (stuck).
  8727 | D:9      | 8727 ||| Stepping randomly (stuck).
  8728 | D:9      | 8728 ||| Stepping randomly (stuck).
  8729 | D:9      | 8729 ||| Stepping randomly (stuck).
  8730 | D:9      | 8730 ||| Stepping randomly (stuck).
  8731 | D:9      | 8731 ||| Stepping randomly (stuck).
  8732 | D:9      | 8732 ||| Stepping randomly (stuck).
  8733 | D:9      | 8733 ||| Stepping randomly (stuck).
  8734 | D:9      | 8734 ||| Stepping randomly (stuck).
  8735 | D:9      | 8735 ||| Stepping randomly (stuck).
  8736 | D:9      | 8736 ||| Stepping randomly (stuck).
  8737 | D:9      | 8737 ||| Stepping randomly (stuck).
  8738 | D:9      | 8738 ||| Stepping randomly (stuck).
  8739 | D:9      | 8739 ||| Stepping randomly (stuck).
  8740 | D:9      | 8740 ||| Stepping randomly (stuck).
  8741 | D:9      | 8741 ||| Stepping randomly (stuck).
  8742 | D:9      | 8742 ||| Stepping randomly (stuck).
  8743 | D:9      | 8743 ||| Stepping randomly (stuck).
  8744 | D:9      | 8744 ||| Stepping randomly (stuck).
  8745 | D:9      | 8745 ||| Stepping randomly (stuck).
  8746 | D:9      | 8746 ||| Stepping randomly (stuck).
  8747 | D:9      | 8747 ||| Stepping randomly (stuck).
  8748 | D:9      | 8748 ||| Stepping randomly (stuck).
  8749 | D:9      | 8749 ||| Stepping randomly (stuck).
  8750 | D:9      | 8750 ||| Stepping randomly (stuck).
  8751 | D:9      | 8751 ||| Stepping randomly (stuck).
  8752 | D:9      | 8752 ||| Stepping randomly (stuck).
  8753 | D:9      | 8753 ||| Stepping randomly (stuck).
  8754 | D:9      | 8754 ||| Stepping randomly (stuck).
  8755 | D:9      | 8755 ||| Stepping randomly (stuck).
  8756 | D:9      | 8756 ||| Stepping randomly (stuck).
  8757 | D:9      | 8757 ||| Stepping randomly (stuck).
  8758 | D:9      | 8758 ||| Stepping randomly (stuck).
  8759 | D:9      | 8759 ||| Stepping randomly (stuck).
  8760 | D:9      | 8760 ||| Stepping randomly (stuck).
  8761 | D:9      | 8761 ||| Stepping randomly (stuck).
  8762 | D:9      | 8762 ||| Stepping randomly (stuck).
  8763 | D:9      | 8763 ||| Stepping randomly (stuck).
  8764 | D:9      | 8764 ||| Stepping randomly (stuck).
  8765 | D:9      | 8765 ||| Stepping randomly (stuck).
  8766 | D:9      | 8766 ||| Stepping randomly (stuck).
  8767 | D:9      | 8767 ||| Stepping randomly (stuck).
  8768 | D:9      | 8768 ||| Stepping randomly (stuck).
  8769 | D:9      | 8769 ||| Stepping randomly (stuck).
  8770 | D:9      | 8770 ||| Stepping randomly (stuck).
  8771 | D:9      | 8771 ||| Stepping randomly (stuck).
  8772 | D:9      | 8772 ||| Stepping randomly (stuck).
  8773 | D:9      | 8773 ||| Stepping randomly (stuck).
  8774 | D:9      | 8774 ||| Stepping randomly (stuck).
  8775 | D:9      | 8775 ||| Stepping randomly (stuck).
  8776 | D:9      | 8776 ||| Stepping randomly (stuck).
  8777 | D:9      | 8777 ||| Stepping randomly (stuck).
  8778 | D:9      | 8778 ||| Stepping randomly (stuck).
  8779 | D:9      | 8779 ||| Stepping randomly (stuck).
  8780 | D:9      | 8780 ||| Stepping randomly (stuck).
  8781 | D:9      | 8781 ||| Stepping randomly (stuck).
  8782 | D:9      | 8782 ||| Stepping randomly (stuck).
  8783 | D:9      | 8783 ||| Stepping randomly (stuck).
  8784 | D:9      | 8784 ||| Stepping randomly (stuck).
  8785 | D:9      | 8785 ||| Stepping randomly (stuck).
  8786 | D:9      | 8786 ||| Stepping randomly (stuck).
  8787 | D:9      | 8787 ||| Stepping randomly (stuck).
  8788 | D:9      | 8788 ||| Stepping randomly (stuck).
  8789 | D:9      | 8789 ||| Stepping randomly (stuck).
  8790 | D:9      | 8790 ||| Stepping randomly (stuck).
  8791 | D:9      | 8791 ||| Stepping randomly (stuck).
  8792 | D:9      | 8792 ||| Stepping randomly (stuck).
  8793 | D:9      | 8793 ||| Stepping randomly (stuck).
  8794 | D:9      | 8794 ||| Stepping randomly (stuck).
  8795 | D:9      | 8795 ||| Stepping randomly (stuck).
  8796 | D:9      | 8796 ||| Stepping randomly (stuck).
  8797 | D:9      | 8797 ||| Stepping randomly (stuck).
  8798 | D:9      | 8798 ||| Stepping randomly (stuck).
  8799 | D:9      | 8799 ||| Stepping randomly (stuck).
  8800 | D:9      | 8800 ||| Stepping randomly (stuck).
  8801 | D:9      | 8801 ||| Stepping randomly (stuck).
  8802 | D:9      | 8802 ||| Stepping randomly (stuck).
  8803 | D:9      | 8803 ||| Stepping randomly (stuck).
  8804 | D:9      | 8804 ||| Stepping randomly (stuck).
  8805 | D:9      | 8805 ||| Stepping randomly (stuck).
  8806 | D:9      | 8806 ||| Stepping randomly (stuck).
  8807 | D:9      | 8807 ||| Stepping randomly (stuck).
  8808 | D:9      | 8808 ||| Stepping randomly (stuck).
  8809 | D:9      | 8809 ||| Stepping randomly (stuck).
  8810 | D:9      | 8810 ||| Stepping randomly (stuck).
  8811 | D:9      | 8811 ||| Stepping randomly (stuck).
  8812 | D:9      | 8812 ||| Stepping randomly (stuck).
  8813 | D:9      | 8813 ||| Stepping randomly (stuck).
  8814 | D:9      | 8814 ||| Stepping randomly (stuck).
  8815 | D:9      | 8815 ||| Stepping randomly (stuck).
  8816 | D:9      | 8816 ||| Stepping randomly (stuck).
  8817 | D:9      | 8817 ||| Stepping randomly (stuck).
  8818 | D:9      | 8818 ||| Stepping randomly (stuck).
  8819 | D:9      | 8819 ||| Stepping randomly (stuck).
  8820 | D:9      | 8820 ||| Stepping randomly (stuck).
  8821 | D:9      | 8821 ||| Stepping randomly (stuck).
  8822 | D:9      | 8822 ||| Stepping randomly (stuck).
  8823 | D:9      | 8823 ||| Stepping randomly (stuck).
  8824 | D:9      | 8824 ||| Stepping randomly (stuck).
  8825 | D:9      | 8825 ||| Stepping randomly (stuck).
  8826 | D:9      | 8826 ||| Stepping randomly (stuck).
  8827 | D:9      | 8827 ||| Stepping randomly (stuck).
  8828 | D:9      | 8828 ||| Stepping randomly (stuck).
  8829 | D:9      | 8829 ||| Stepping randomly (stuck).
  8830 | D:9      | 8830 ||| Stepping randomly (stuck).
  8831 | D:9      | 8831 ||| Stepping randomly (stuck).
  8832 | D:9      | 8832 ||| Stepping randomly (stuck).
  8833 | D:9      | 8833 ||| Stepping randomly (stuck).
  8834 | D:9      | 8834 ||| Stepping randomly (stuck).
  8835 | D:9      | 8835 ||| Stepping randomly (stuck).
  8836 | D:9      | 8836 ||| Stepping randomly (stuck).
  8837 | D:9      | 8837 ||| Stepping randomly (stuck).
  8838 | D:9      | 8838 ||| Stepping randomly (stuck).
  8839 | D:9      | 8839 ||| Stepping randomly (stuck).
  8840 | D:9      | 8840 ||| Stepping randomly (stuck).
  8841 | D:9      | 8841 ||| Stepping randomly (stuck).
  8842 | D:9      | 8842 ||| Stepping randomly (stuck).
  8843 | D:9      | 8843 ||| Stepping randomly (stuck).
  8844 | D:9      | 8844 ||| Stepping randomly (stuck).
  8845 | D:9      | 8845 ||| Stepping randomly (stuck).
  8846 | D:9      | 8846 ||| Stepping randomly (stuck).
  8847 | D:9      | 8847 ||| Stepping randomly (stuck).
  8848 | D:9      | 8848 ||| Stepping randomly (stuck).
  8849 | D:9      | 8849 ||| Stepping randomly (stuck).
  8850 | D:9      | 8850 ||| Stepping randomly (stuck).
  8851 | D:9      | 8851 ||| Stepping randomly (stuck).
  8852 | D:9      | 8852 ||| Stepping randomly (stuck).
  8853 | D:9      | 8853 ||| Stepping randomly (stuck).
  8854 | D:9      | 8854 ||| Stepping randomly (stuck).
  8855 | D:9      | 8855 ||| Stepping randomly (stuck).
  8856 | D:9      | 8856 ||| Stepping randomly (stuck).
  8857 | D:9      | 8857 ||| Stepping randomly (stuck).
  8858 | D:9      | 8858 ||| Stepping randomly (stuck).
  8859 | D:9      | 8859 ||| Stepping randomly (stuck).
  8860 | D:9      | 8860 ||| Stepping randomly (stuck).
  8861 | D:9      | 8861 ||| Stepping randomly (stuck).
  8862 | D:9      | 8862 ||| Stepping randomly (stuck).
  8863 | D:9      | 8863 ||| Stepping randomly (stuck).
  8864 | D:9      | 8864 ||| Stepping randomly (stuck).
  8865 | D:9      | 8865 ||| Stepping randomly (stuck).
  8866 | D:9      | 8866 ||| Stepping randomly (stuck).
  8867 | D:9      | 8867 ||| Stepping randomly (stuck).
  8868 | D:9      | 8868 ||| Stepping randomly (stuck).
  8869 | D:9      | 8869 ||| Stepping randomly (stuck).
  8870 | D:9      | 8870 ||| Stepping randomly (stuck).
  8871 | D:9      | 8871 ||| Stepping randomly (stuck).
  8872 | D:9      | 8872 ||| Stepping randomly (stuck).
  8873 | D:9      | 8873 ||| Stepping randomly (stuck).
  8874 | D:9      | 8874 ||| Stepping randomly (stuck).
  8875 | D:9      | 8875 ||| Stepping randomly (stuck).
  8876 | D:9      | 8876 ||| Stepping randomly (stuck).
  8877 | D:9      | 8877 ||| Stepping randomly (stuck).
  8878 | D:9      | 8878 ||| Stepping randomly (stuck).
  8879 | D:9      | 8879 ||| Stepping randomly (stuck).
  8880 | D:9      | 8880 ||| Stepping randomly (stuck).
  8881 | D:9      | 8881 ||| Stepping randomly (stuck).
  8882 | D:9      | 8882 ||| Stepping randomly (stuck).
  8883 | D:9      | 8883 ||| Stepping randomly (stuck).
  8884 | D:9      | 8884 ||| Stepping randomly (stuck).
  8885 | D:9      | 8885 ||| Stepping randomly (stuck).
  8886 | D:9      | 8886 ||| Stepping randomly (stuck).
  8887 | D:9      | 8887 ||| Stepping randomly (stuck).
  8888 | D:9      | 8888 ||| Stepping randomly (stuck).
  8889 | D:9      | 8889 ||| Stepping randomly (stuck).
  8890 | D:9      | 8890 ||| Stepping randomly (stuck).
  8891 | D:9      | 8891 ||| Stepping randomly (stuck).
  8892 | D:9      | 8892 ||| Stepping randomly (stuck).
  8893 | D:9      | 8893 ||| Stepping randomly (stuck).
  8894 | D:9      | 8894 ||| Stepping randomly (stuck).
  8895 | D:9      | 8895 ||| Stepping randomly (stuck).
  8896 | D:9      | 8896 ||| Stepping randomly (stuck).
  8897 | D:9      | 8897 ||| Stepping randomly (stuck).
  8898 | D:9      | 8898 ||| Stepping randomly (stuck).
  8899 | D:9      | 8899 ||| Stepping randomly (stuck).
  8900 | D:9      | 8900 ||| Stepping randomly (stuck).
  8901 | D:9      | 8901 ||| Stepping randomly (stuck).
  8902 | D:9      | 8902 ||| Stepping randomly (stuck).
  8903 | D:9      | 8903 ||| Stepping randomly (stuck).
  8904 | D:9      | 8904 ||| Stepping randomly (stuck).
  8905 | D:9      | 8905 ||| Stepping randomly (stuck).
  8906 | D:9      | 8906 ||| Stepping randomly (stuck).
  8907 | D:9      | 8907 ||| Stepping randomly (stuck).
  8908 | D:9      | 8908 ||| Stepping randomly (stuck).
  8909 | D:9      | 8909 ||| Stepping randomly (stuck).
  8910 | D:9      | 8910 ||| Stepping randomly (stuck).
  8911 | D:9      | 8911 ||| Stepping randomly (stuck).
  8912 | D:9      | 8912 ||| Stepping randomly (stuck).
  8913 | D:9      | 8913 ||| Stepping randomly (stuck).
  8914 | D:9      | 8914 ||| Stepping randomly (stuck).
  8915 | D:9      | 8915 ||| Stepping randomly (stuck).
  8916 | D:9      | 8916 ||| Stepping randomly (stuck).
  8917 | D:9      | 8917 ||| Stepping randomly (stuck).
  8918 | D:9      | 8918 ||| Stepping randomly (stuck).
  8919 | D:9      | 8919 ||| Stepping randomly (stuck).
  8920 | D:9      | 8920 ||| Stepping randomly (stuck).
  8921 | D:9      | 8921 ||| Stepping randomly (stuck).
  8922 | D:9      | 8922 ||| Stepping randomly (stuck).
  8923 | D:9      | 8923 ||| Stepping randomly (stuck).
  8924 | D:9      | 8924 ||| Stepping randomly (stuck).
  8925 | D:9      | 8925 ||| Stepping randomly (stuck).
  8926 | D:9      | 8926 ||| Stepping randomly (stuck).
  8927 | D:9      | 8927 ||| Stepping randomly (stuck).
  8928 | D:9      | 8928 ||| Stepping randomly (stuck).
  8929 | D:9      | 8929 ||| Stepping randomly (stuck).
  8930 | D:9      | 8930 ||| Stepping randomly (stuck).
  8931 | D:9      | 8931 ||| Stepping randomly (stuck).
  8932 | D:9      | 8932 ||| Stepping randomly (stuck).
  8933 | D:9      | 8933 ||| Stepping randomly (stuck).
  8934 | D:9      | 8934 ||| Stepping randomly (stuck).
  8935 | D:9      | 8935 ||| Stepping randomly (stuck).
  8936 | D:9      | 8936 ||| Stepping randomly (stuck).
  8937 | D:9      | 8937 ||| Stepping randomly (stuck).
  8938 | D:9      | 8938 ||| Stepping randomly (stuck).
  8939 | D:9      | 8939 ||| Stepping randomly (stuck).
  8940 | D:9      | 8940 ||| Stepping randomly (stuck).
  8941 | D:9      | 8941 ||| Stepping randomly (stuck).
  8942 | D:9      | 8942 ||| Stepping randomly (stuck).
  8943 | D:9      | 8943 ||| Stepping randomly (stuck).
  8944 | D:9      | 8944 ||| Stepping randomly (stuck).
  8945 | D:9      | 8945 ||| Stepping randomly (stuck).
  8946 | D:9      | 8946 ||| Stepping randomly (stuck).
  8947 | D:9      | 8947 ||| Stepping randomly (stuck).
  8948 | D:9      | 8948 ||| Stepping randomly (stuck).
  8949 | D:9      | 8949 ||| Stepping randomly (stuck).
  8950 | D:9      | 8950 ||| Stepping randomly (stuck).
  8951 | D:9      | 8951 ||| Stepping randomly (stuck).
  8952 | D:9      | 8952 ||| Stepping randomly (stuck).
  8953 | D:9      | 8953 ||| Stepping randomly (stuck).
  8954 | D:9      | 8954 ||| Stepping randomly (stuck).
  8955 | D:9      | 8955 ||| Stepping randomly (stuck).
  8956 | D:9      | 8956 ||| Stepping randomly (stuck).
  8957 | D:9      | 8957 ||| Stepping randomly (stuck).
  8958 | D:9      | 8958 ||| Stepping randomly (stuck).
  8959 | D:9      | 8959 ||| Stepping randomly (stuck).
  8960 | D:9      | 8960 ||| Stepping randomly (stuck).
  8961 | D:9      | 8961 ||| Stepping randomly (stuck).
  8962 | D:9      | 8962 ||| Stepping randomly (stuck).
  8963 | D:9      | 8963 ||| Stepping randomly (stuck).
  8964 | D:9      | 8964 ||| Stepping randomly (stuck).
  8965 | D:9      | 8965 ||| Stepping randomly (stuck).
  8966 | D:9      | 8966 ||| Stepping randomly (stuck).
  8967 | D:9      | 8967 ||| Stepping randomly (stuck).
  8968 | D:9      | 8968 ||| Stepping randomly (stuck).
  8969 | D:9      | 8969 ||| Stepping randomly (stuck).
  8970 | D:9      | 8970 ||| Stepping randomly (stuck).
  8971 | D:9      | 8971 ||| Stepping randomly (stuck).
  8972 | D:9      | 8972 ||| Stepping randomly (stuck).
  8973 | D:9      | 8973 ||| Stepping randomly (stuck).
  8974 | D:9      | 8974 ||| Stepping randomly (stuck).
  8975 | D:9      | 8975 ||| Stepping randomly (stuck).
  8976 | D:9      | 8976 ||| Stepping randomly (stuck).
  8977 | D:9      | 8977 ||| Stepping randomly (stuck).
  8978 | D:9      | 8978 ||| Stepping randomly (stuck).
  8979 | D:9      | 8979 ||| Stepping randomly (stuck).
  8980 | D:9      | 8980 ||| Stepping randomly (stuck).
  8981 | D:9      | 8981 ||| Stepping randomly (stuck).
  8982 | D:9      | 8982 ||| Stepping randomly (stuck).
  8983 | D:9      | 8983 ||| Stepping randomly (stuck).
  8984 | D:9      | 8984 ||| Stepping randomly (stuck).
  8985 | D:9      | 8985 ||| Stepping randomly (stuck).
  8986 | D:9      | 8986 ||| Stepping randomly (stuck).
  8987 | D:9      | 8987 ||| Stepping randomly (stuck).
  8988 | D:9      | 8988 ||| Stepping randomly (stuck).
  8989 | D:9      | 8989 ||| Stepping randomly (stuck).
  8990 | D:9      | 8990 ||| Stepping randomly (stuck).
  8991 | D:9      | 8991 ||| Stepping randomly (stuck).
  8992 | D:9      | 8992 ||| Stepping randomly (stuck).
  8993 | D:9      | 8993 ||| Stepping randomly (stuck).
  8994 | D:9      | 8994 ||| Stepping randomly (stuck).
  8995 | D:9      | 8995 ||| Stepping randomly (stuck).
  8996 | D:9      | 8996 ||| Stepping randomly (stuck).
  8997 | D:9      | 8997 ||| Stepping randomly (stuck).
  8998 | D:9      | 8998 ||| Stepping randomly (stuck).
  8999 | D:9      | 8999 ||| Stepping randomly (stuck).
  9000 | D:9      | 9000 ||| Stepping randomly (stuck).
  9001 | D:9      | 9001 ||| Stepping randomly (stuck).
  9002 | D:9      | 9002 ||| Stepping randomly (stuck).
  9003 | D:9      | 9003 ||| Stepping randomly (stuck).
  9004 | D:9      | 9004 ||| Stepping randomly (stuck).
  9005 | D:9      | 9005 ||| Stepping randomly (stuck).
  9006 | D:9      | 9006 ||| Stepping randomly (stuck).
  9007 | D:9      | 9007 ||| Stepping randomly (stuck).
  9008 | D:9      | 9008 ||| Stepping randomly (stuck).
  9009 | D:9      | 9009 ||| Stepping randomly (stuck).
  9010 | D:9      | 9010 ||| Stepping randomly (stuck).
  9011 | D:9      | 9011 ||| Stepping randomly (stuck).
  9012 | D:9      | 9012 ||| Stepping randomly (stuck).
  9013 | D:9      | 9013 ||| Stepping randomly (stuck).
  9014 | D:9      | 9014 ||| Stepping randomly (stuck).
  9015 | D:9      | 9015 ||| Stepping randomly (stuck).
  9016 | D:9      | 9016 ||| Stepping randomly (stuck).
  9017 | D:9      | 9017 ||| Stepping randomly (stuck).
  9018 | D:9      | 9018 ||| Stepping randomly (stuck).
  9019 | D:9      | 9019 ||| Stepping randomly (stuck).
  9020 | D:9      | 9020 ||| Stepping randomly (stuck).
  9021 | D:9      | 9021 ||| Stepping randomly (stuck).
  9022 | D:9      | 9022 ||| Stepping randomly (stuck).
  9023 | D:9      | 9023 ||| Stepping randomly (stuck).
  9024 | D:9      | 9024 ||| Stepping randomly (stuck).
  9025 | D:9      | 9025 ||| Stepping randomly (stuck).
  9026 | D:9      | 9026 ||| Stepping randomly (stuck).
  9027 | D:9      | 9027 ||| Stepping randomly (stuck).
  9028 | D:9      | 9028 ||| Stepping randomly (stuck).
  9029 | D:9      | 9029 ||| Stepping randomly (stuck).
  9030 | D:9      | 9030 ||| Stepping randomly (stuck).
  9031 | D:9      | 9031 ||| Stepping randomly (stuck).
  9032 | D:9      | 9032 ||| Stepping randomly (stuck).
  9033 | D:9      | 9033 ||| Stepping randomly (stuck).
  9034 | D:9      | 9034 ||| Stepping randomly (stuck).
  9035 | D:9      | 9035 ||| Stepping randomly (stuck).
  9036 | D:9      | 9036 ||| Stepping randomly (stuck).
  9037 | D:9      | 9037 ||| Stepping randomly (stuck).
  9038 | D:9      | 9038 ||| Stepping randomly (stuck).
  9039 | D:9      | 9039 ||| Stepping randomly (stuck).
  9040 | D:9      | 9040 ||| Stepping randomly (stuck).
  9041 | D:9      | 9041 ||| Stepping randomly (stuck).
  9042 | D:9      | 9042 ||| Stepping randomly (stuck).
  9043 | D:9      | 9043 ||| Stepping randomly (stuck).
  9044 | D:9      | 9044 ||| Stepping randomly (stuck).
  9045 | D:9      | 9045 ||| Stepping randomly (stuck).
  9046 | D:9      | 9046 ||| Stepping randomly (stuck).
  9047 | D:9      | 9047 ||| Stepping randomly (stuck).
  9048 | D:9      | 9048 ||| Stepping randomly (stuck).
  9049 | D:9      | 9049 ||| Stepping randomly (stuck).
  9050 | D:9      | 9050 ||| Stepping randomly (stuck).
  9051 | D:9      | 9051 ||| Stepping randomly (stuck).
  9052 | D:9      | 9052 ||| Stepping randomly (stuck).
  9053 | D:9      | 9053 ||| Stepping randomly (stuck).
  9054 | D:9      | 9054 ||| Stepping randomly (stuck).
  9055 | D:9      | 9055 ||| Stepping randomly (stuck).
  9056 | D:9      | 9056 ||| Stepping randomly (stuck).
  9057 | D:9      | 9057 ||| Stepping randomly (stuck).
  9058 | D:9      | 9058 ||| Stepping randomly (stuck).
  9059 | D:9      | 9059 ||| Stepping randomly (stuck).
  9060 | D:9      | 9060 ||| Stepping randomly (stuck).
  9061 | D:9      | 9061 ||| Stepping randomly (stuck).
  9062 | D:9      | 9062 ||| Stepping randomly (stuck).
  9063 | D:9      | 9063 ||| Stepping randomly (stuck).
  9064 | D:9      | 9064 ||| Stepping randomly (stuck).
  9065 | D:9      | 9065 ||| Stepping randomly (stuck).
  9066 | D:9      | 9066 ||| Stepping randomly (stuck).
  9067 | D:9      | 9067 ||| Stepping randomly (stuck).
  9068 | D:9      | 9068 ||| Stepping randomly (stuck).
  9069 | D:9      | 9069 ||| Stepping randomly (stuck).
  9070 | D:9      | 9070 ||| Stepping randomly (stuck).
  9071 | D:9      | 9071 ||| Stepping randomly (stuck).
  9072 | D:9      | 9072 ||| Stepping randomly (stuck).
  9073 | D:9      | 9073 ||| Stepping randomly (stuck).
  9074 | D:9      | 9074 ||| Stepping randomly (stuck).
  9075 | D:9      | 9075 ||| Stepping randomly (stuck).
  9076 | D:9      | 9076 ||| Stepping randomly (stuck).
  9077 | D:9      | 9077 ||| Stepping randomly (stuck).
  9078 | D:9      | 9078 ||| Stepping randomly (stuck).
  9079 | D:9      | 9079 ||| Stepping randomly (stuck).
  9080 | D:9      | 9080 ||| Stepping randomly (stuck).
  9081 | D:9      | 9081 ||| Stepping randomly (stuck).
  9082 | D:9      | 9082 ||| Stepping randomly (stuck).
  9083 | D:9      | 9083 ||| Stepping randomly (stuck).
  9084 | D:9      | 9084 ||| Stepping randomly (stuck).
  9085 | D:9      | 9085 ||| Stepping randomly (stuck).
  9086 | D:9      | 9086 ||| Stepping randomly (stuck).
  9087 | D:9      | 9087 ||| Stepping randomly (stuck).
  9088 | D:9      | 9088 ||| Stepping randomly (stuck).
  9089 | D:9      | 9089 ||| Stepping randomly (stuck).
  9090 | D:9      | 9090 ||| Stepping randomly (stuck).
  9091 | D:9      | 9091 ||| Stepping randomly (stuck).
  9092 | D:9      | 9092 ||| Stepping randomly (stuck).
  9093 | D:9      | 9093 ||| Stepping randomly (stuck).
  9094 | D:9      | 9094 ||| Stepping randomly (stuck).
  9095 | D:9      | 9095 ||| Stepping randomly (stuck).
  9096 | D:9      | 9096 ||| Stepping randomly (stuck).
  9097 | D:9      | 9097 ||| Stepping randomly (stuck).
  9098 | D:9      | 9098 ||| Stepping randomly (stuck).
  9099 | D:9      | 9099 ||| Stepping randomly (stuck).
  9100 | D:9      | 9100 ||| Stepping randomly (stuck).
  9101 | D:9      | 9101 ||| Stepping randomly (stuck).
  9102 | D:9      | 9102 ||| Stepping randomly (stuck).
  9103 | D:9      | 9103 ||| Stepping randomly (stuck).
  9104 | D:9      | 9104 ||| Stepping randomly (stuck).
  9105 | D:9      | 9105 ||| Stepping randomly (stuck).
  9106 | D:9      | 9106 ||| Stepping randomly (stuck).
  9107 | D:9      | 9107 ||| Stepping randomly (stuck).
  9108 | D:9      | 9108 ||| Stepping randomly (stuck).
  9109 | D:9      | 9109 ||| Stepping randomly (stuck).
  9110 | D:9      | 9110 ||| Stepping randomly (stuck).
  9111 | D:9      | 9111 ||| Stepping randomly (stuck).
  9112 | D:9      | 9112 ||| Stepping randomly (stuck).
  9113 | D:9      | 9113 ||| Stepping randomly (stuck).
  9114 | D:9      | 9114 ||| Stepping randomly (stuck).
  9115 | D:9      | 9115 ||| Stepping randomly (stuck).
  9116 | D:9      | 9116 ||| Stepping randomly (stuck).
  9117 | D:9      | 9117 ||| Stepping randomly (stuck).
  9118 | D:9      | 9118 ||| Stepping randomly (stuck).
  9119 | D:9      | 9119 ||| Stepping randomly (stuck).
  9120 | D:9      | 9120 ||| Stepping randomly (stuck).
  9121 | D:9      | 9121 ||| Stepping randomly (stuck).
  9122 | D:9      | 9122 ||| Stepping randomly (stuck).
  9123 | D:9      | 9123 ||| Stepping randomly (stuck).
  9124 | D:9      | 9124 ||| Stepping randomly (stuck).
  9125 | D:9      | 9125 ||| Stepping randomly (stuck).
  9126 | D:9      | 9126 ||| Stepping randomly (stuck).
  9127 | D:9      | 9127 ||| Stepping randomly (stuck).
  9128 | D:9      | 9128 ||| Stepping randomly (stuck).
  9129 | D:9      | 9129 ||| Stepping randomly (stuck).
  9130 | D:9      | 9130 ||| Stepping randomly (stuck).
  9131 | D:9      | 9131 ||| Stepping randomly (stuck).
  9132 | D:9      | 9132 ||| Stepping randomly (stuck).
  9133 | D:9      | 9133 ||| Stepping randomly (stuck).
  9134 | D:9      | 9134 ||| Stepping randomly (stuck).
  9135 | D:9      | 9135 ||| Stepping randomly (stuck).
  9136 | D:9      | 9136 ||| Stepping randomly (stuck).
  9137 | D:9      | 9137 ||| Stepping randomly (stuck).
  9138 | D:9      | 9138 ||| Stepping randomly (stuck).
  9139 | D:9      | 9139 ||| Stepping randomly (stuck).
  9140 | D:9      | 9140 ||| Stepping randomly (stuck).
  9141 | D:9      | 9141 ||| Stepping randomly (stuck).
  9142 | D:9      | 9142 ||| Stepping randomly (stuck).
  9143 | D:9      | 9143 ||| Stepping randomly (stuck).
  9144 | D:9      | 9144 ||| Stepping randomly (stuck).
  9145 | D:9      | 9145 ||| Stepping randomly (stuck).
  9146 | D:9      | 9146 ||| Stepping randomly (stuck).
  9147 | D:9      | 9147 ||| Stepping randomly (stuck).
  9148 | D:9      | 9148 ||| Stepping randomly (stuck).
  9149 | D:9      | 9149 ||| Stepping randomly (stuck).
  9150 | D:9      | 9150 ||| Stepping randomly (stuck).
  9151 | D:9      | 9151 ||| Stepping randomly (stuck).
  9152 | D:9      | 9152 ||| Stepping randomly (stuck).
  9153 | D:9      | 9153 ||| Stepping randomly (stuck).
  9154 | D:9      | 9154 ||| Stepping randomly (stuck).
  9155 | D:9      | 9155 ||| Stepping randomly (stuck).
  9156 | D:9      | 9156 ||| Stepping randomly (stuck).
  9157 | D:9      | 9157 ||| Stepping randomly (stuck).
  9158 | D:9      | 9158 ||| Stepping randomly (stuck).
  9159 | D:9      | 9159 ||| Stepping randomly (stuck).
  9160 | D:9      | 9160 ||| Stepping randomly (stuck).
  9161 | D:9      | 9161 ||| Stepping randomly (stuck).
  9162 | D:9      | 9162 ||| Stepping randomly (stuck).
  9163 | D:9      | 9163 ||| Stepping randomly (stuck).
  9164 | D:9      | 9164 ||| Stepping randomly (stuck).
  9165 | D:9      | 9165 ||| Stepping randomly (stuck).
  9166 | D:9      | 9166 ||| Stepping randomly (stuck).
  9167 | D:9      | 9167 ||| Stepping randomly (stuck).
  9168 | D:9      | 9168 ||| Stepping randomly (stuck).
  9169 | D:9      | 9169 ||| Stepping randomly (stuck).
  9170 | D:9      | 9170 ||| Stepping randomly (stuck).
  9171 | D:9      | 9171 ||| Stepping randomly (stuck).
  9172 | D:9      | 9172 ||| Stepping randomly (stuck).
  9173 | D:9      | 9173 ||| Stepping randomly (stuck).
  9174 | D:9      | 9174 ||| Stepping randomly (stuck).
  9175 | D:9      | 9175 ||| Stepping randomly (stuck).
  9176 | D:9      | 9176 ||| Stepping randomly (stuck).
  9177 | D:9      | 9177 ||| Stepping randomly (stuck).
  9178 | D:9      | 9178 ||| Stepping randomly (stuck).
  9179 | D:9      | 9179 ||| Stepping randomly (stuck).
  9180 | D:9      | 9180 ||| Stepping randomly (stuck).
  9181 | D:9      | 9181 ||| Stepping randomly (stuck).
  9182 | D:9      | 9182 ||| Stepping randomly (stuck).
  9183 | D:9      | 9183 ||| Stepping randomly (stuck).
  9184 | D:9      | 9184 ||| Stepping randomly (stuck).
  9185 | D:9      | 9185 ||| Stepping randomly (stuck).
  9186 | D:9      | 9186 ||| Stepping randomly (stuck).
  9187 | D:9      | 9187 ||| Stepping randomly (stuck).
  9188 | D:9      | 9188 ||| Stepping randomly (stuck).
  9189 | D:9      | 9189 ||| Stepping randomly (stuck).
  9190 | D:9      | 9190 ||| Stepping randomly (stuck).
  9191 | D:9      | 9191 ||| Stepping randomly (stuck).
  9192 | D:9      | 9192 ||| Stepping randomly (stuck).
  9193 | D:9      | 9193 ||| Stepping randomly (stuck).
  9194 | D:9      | 9194 ||| Stepping randomly (stuck).
  9195 | D:9      | 9195 ||| Stepping randomly (stuck).
  9196 | D:9      | 9196 ||| Stepping randomly (stuck).
  9197 | D:9      | 9197 ||| Stepping randomly (stuck).
  9198 | D:9      | 9198 ||| Stepping randomly (stuck).
  9199 | D:9      | 9199 ||| Stepping randomly (stuck).
  9200 | D:9      | 9200 ||| Stepping randomly (stuck).
  9201 | D:9      | 9201 ||| Stepping randomly (stuck).
  9202 | D:9      | 9202 ||| Stepping randomly (stuck).
  9203 | D:9      | 9203 ||| Stepping randomly (stuck).
  9204 | D:9      | 9204 ||| Stepping randomly (stuck).
  9205 | D:9      | 9205 ||| Stepping randomly (stuck).
  9206 | D:9      | 9206 ||| Stepping randomly (stuck).
  9207 | D:9      | 9207 ||| Stepping randomly (stuck).
  9208 | D:9      | 9208 ||| Stepping randomly (stuck).
  9209 | D:9      | 9209 ||| Stepping randomly (stuck).
  9210 | D:9      | 9210 ||| Stepping randomly (stuck).
  9211 | D:9      | 9211 ||| Stepping randomly (stuck).
  9212 | D:9      | 9212 ||| Stepping randomly (stuck).
  9213 | D:9      | 9213 ||| Stepping randomly (stuck).
  9214 | D:9      | 9214 ||| Stepping randomly (stuck).
  9215 | D:9      | 9215 ||| Stepping randomly (stuck).
  9216 | D:9      | 9216 ||| Stepping randomly (stuck).
  9217 | D:9      | 9217 ||| Stepping randomly (stuck).
  9218 | D:9      | 9218 ||| Stepping randomly (stuck).
  9219 | D:9      | 9219 ||| Stepping randomly (stuck).
  9220 | D:9      | 9220 ||| Stepping randomly (stuck).
  9221 | D:9      | 9221 ||| Stepping randomly (stuck).
  9222 | D:9      | 9222 ||| Stepping randomly (stuck).
  9223 | D:9      | 9223 ||| Stepping randomly (stuck).
  9224 | D:9      | 9224 ||| Stepping randomly (stuck).
  9225 | D:9      | 9225 ||| Stepping randomly (stuck).
  9226 | D:9      | 9226 ||| Stepping randomly (stuck).
  9227 | D:9      | 9227 ||| Stepping randomly (stuck).
  9228 | D:9      | 9228 ||| Stepping randomly (stuck).
  9229 | D:9      | 9229 ||| Stepping randomly (stuck).
  9230 | D:9      | 9230 ||| Stepping randomly (stuck).
  9231 | D:9      | 9231 ||| Stepping randomly (stuck).
  9232 | D:9      | 9232 ||| Stepping randomly (stuck).
  9233 | D:9      | 9233 ||| Stepping randomly (stuck).
  9234 | D:9      | 9234 ||| Stepping randomly (stuck).
  9235 | D:9      | 9235 ||| Stepping randomly (stuck).
  9236 | D:9      | 9236 ||| Stepping randomly (stuck).
  9237 | D:9      | 9237 ||| Stepping randomly (stuck).
  9238 | D:9      | 9238 ||| Stepping randomly (stuck).
  9239 | D:9      | 9239 ||| Stepping randomly (stuck).
  9240 | D:9      | 9240 ||| Stepping randomly (stuck).
  9241 | D:9      | 9241 ||| Stepping randomly (stuck).
  9242 | D:9      | 9242 ||| Stepping randomly (stuck).
  9243 | D:9      | 9243 ||| Stepping randomly (stuck).
  9244 | D:9      | 9244 ||| Stepping randomly (stuck).
  9245 | D:9      | 9245 ||| Stepping randomly (stuck).
  9246 | D:9      | 9246 ||| Stepping randomly (stuck).
  9247 | D:9      | 9247 ||| Stepping randomly (stuck).
  9248 | D:9      | 9248 ||| Stepping randomly (stuck).
  9249 | D:9      | 9249 ||| Stepping randomly (stuck).
  9250 | D:9      | 9250 ||| Stepping randomly (stuck).
  9251 | D:9      | 9251 ||| Stepping randomly (stuck).
  9252 | D:9      | 9252 ||| Stepping randomly (stuck).
  9253 | D:9      | 9253 ||| Stepping randomly (stuck).
  9254 | D:9      | 9254 ||| Stepping randomly (stuck).
  9255 | D:9      | 9255 ||| Stepping randomly (stuck).
  9256 | D:9      | 9256 ||| Stepping randomly (stuck).
  9257 | D:9      | 9257 ||| Stepping randomly (stuck).
  9258 | D:9      | 9258 ||| Stepping randomly (stuck).
  9259 | D:9      | 9259 ||| Stepping randomly (stuck).
  9260 | D:9      | 9260 ||| Stepping randomly (stuck).
  9261 | D:9      | 9261 ||| Stepping randomly (stuck).
  9262 | D:9      | 9262 ||| Stepping randomly (stuck).
  9263 | D:9      | 9263 ||| Stepping randomly (stuck).
  9264 | D:9      | 9264 ||| Stepping randomly (stuck).
  9265 | D:9      | 9265 ||| Stepping randomly (stuck).
  9266 | D:9      | 9266 ||| Stepping randomly (stuck).
  9267 | D:9      | 9267 ||| Stepping randomly (stuck).
  9268 | D:9      | 9268 ||| Stepping randomly (stuck).
  9269 | D:9      | 9269 ||| Stepping randomly (stuck).
  9270 | D:9      | 9270 ||| Stepping randomly (stuck).
  9271 | D:9      | 9271 ||| Stepping randomly (stuck).
  9272 | D:9      | 9272 ||| Stepping randomly (stuck).
  9273 | D:9      | 9273 ||| Stepping randomly (stuck).
  9274 | D:9      | 9274 ||| Stepping randomly (stuck).
  9275 | D:9      | 9275 ||| Stepping randomly (stuck).
  9276 | D:9      | 9276 ||| Stepping randomly (stuck).
  9277 | D:9      | 9277 ||| Stepping randomly (stuck).
  9278 | D:9      | 9278 ||| Stepping randomly (stuck).
  9279 | D:9      | 9279 ||| Stepping randomly (stuck).
  9280 | D:9      | 9280 ||| Stepping randomly (stuck).
  9281 | D:9      | 9281 ||| Stepping randomly (stuck).
  9282 | D:9      | 9282 ||| Stepping randomly (stuck).
  9283 | D:9      | 9283 ||| Stepping randomly (stuck).
  9284 | D:9      | 9284 ||| Stepping randomly (stuck).
  9285 | D:9      | 9285 ||| Stepping randomly (stuck).
  9286 | D:9      | 9286 ||| Stepping randomly (stuck).
  9287 | D:9      | 9287 ||| Stepping randomly (stuck).
  9288 | D:9      | 9288 ||| Stepping randomly (stuck).
  9289 | D:9      | 9289 ||| Stepping randomly (stuck).
  9290 | D:9      | 9290 ||| Stepping randomly (stuck).
  9291 | D:9      | 9291 ||| Stepping randomly (stuck).
  9292 | D:9      | 9292 ||| Stepping randomly (stuck).
  9293 | D:9      | 9293 ||| Stepping randomly (stuck).
  9294 | D:9      | 9294 ||| Stepping randomly (stuck).
  9295 | D:9      | 9295 ||| Stepping randomly (stuck).
  9296 | D:9      | 9296 ||| Stepping randomly (stuck).
  9297 | D:9      | 9297 ||| Stepping randomly (stuck).
  9298 | D:9      | 9298 ||| Stepping randomly (stuck).
  9299 | D:9      | 9299 ||| Stepping randomly (stuck).
  9300 | D:9      | 9300 ||| Stepping randomly (stuck).
  9301 | D:9      | 9301 ||| Stepping randomly (stuck).
  9302 | D:9      | 9302 ||| Stepping randomly (stuck).
  9303 | D:9      | 9303 ||| Stepping randomly (stuck).
  9304 | D:9      | 9304 ||| Stepping randomly (stuck).
  9305 | D:9      | 9305 ||| Stepping randomly (stuck).
  9306 | D:9      | 9306 ||| Stepping randomly (stuck).
  9307 | D:9      | 9307 ||| Stepping randomly (stuck).
  9308 | D:9      | 9308 ||| Stepping randomly (stuck).
  9309 | D:9      | 9309 ||| Stepping randomly (stuck).
  9310 | D:9      | 9310 ||| Stepping randomly (stuck).
  9311 | D:9      | 9311 ||| Stepping randomly (stuck).
  9312 | D:9      | 9312 ||| Stepping randomly (stuck).
  9313 | D:9      | 9313 ||| Stepping randomly (stuck).
  9314 | D:9      | 9314 ||| Stepping randomly (stuck).
  9315 | D:9      | 9315 ||| Stepping randomly (stuck).
  9316 | D:9      | 9316 ||| Stepping randomly (stuck).
  9317 | D:9      | 9317 ||| Stepping randomly (stuck).
  9318 | D:9      | 9318 ||| Stepping randomly (stuck).
  9319 | D:9      | 9319 ||| Stepping randomly (stuck).
  9320 | D:9      | 9320 ||| Stepping randomly (stuck).
  9321 | D:9      | 9321 ||| Stepping randomly (stuck).
  9322 | D:9      | 9322 ||| Stepping randomly (stuck).
  9323 | D:9      | 9323 ||| Stepping randomly (stuck).
  9324 | D:9      | 9324 ||| Stepping randomly (stuck).
  9325 | D:9      | 9325 ||| Stepping randomly (stuck).
  9326 | D:9      | 9326 ||| Stepping randomly (stuck).
  9327 | D:9      | 9327 ||| Stepping randomly (stuck).
  9328 | D:9      | 9328 ||| Stepping randomly (stuck).
  9329 | D:9      | 9329 ||| Stepping randomly (stuck).
  9330 | D:9      | 9330 ||| Stepping randomly (stuck).
  9331 | D:9      | 9331 ||| Stepping randomly (stuck).
  9332 | D:9      | 9332 ||| Stepping randomly (stuck).
  9333 | D:9      | 9333 ||| Stepping randomly (stuck).
  9334 | D:9      | 9334 ||| Stepping randomly (stuck).
  9335 | D:9      | 9335 ||| Stepping randomly (stuck).
  9336 | D:9      | 9336 ||| Stepping randomly (stuck).
  9337 | D:9      | 9337 ||| Stepping randomly (stuck).
  9338 | D:9      | 9338 ||| Stepping randomly (stuck).
  9339 | D:9      | 9339 ||| Stepping randomly (stuck).
  9340 | D:9      | 9340 ||| Stepping randomly (stuck).
  9341 | D:9      | 9341 ||| Stepping randomly (stuck).
  9342 | D:9      | 9342 ||| Stepping randomly (stuck).
  9343 | D:9      | 9343 ||| Stepping randomly (stuck).
  9344 | D:9      | 9344 ||| Stepping randomly (stuck).
  9345 | D:9      | 9345 ||| Stepping randomly (stuck).
  9346 | D:9      | 9346 ||| Stepping randomly (stuck).
  9347 | D:9      | 9347 ||| Stepping randomly (stuck).
  9348 | D:9      | 9348 ||| Stepping randomly (stuck).
  9349 | D:9      | 9349 ||| Stepping randomly (stuck).
  9350 | D:9      | 9350 ||| Stepping randomly (stuck).
  9351 | D:9      | 9351 ||| Stepping randomly (stuck).
  9352 | D:9      | 9352 ||| Stepping randomly (stuck).
  9353 | D:9      | 9353 ||| Stepping randomly (stuck).
  9354 | D:9      | 9354 ||| Stepping randomly (stuck).
  9355 | D:9      | 9355 ||| Stepping randomly (stuck).
  9356 | D:9      | 9356 ||| Stepping randomly (stuck).
  9357 | D:9      | 9357 ||| Stepping randomly (stuck).
  9358 | D:9      | 9358 ||| Stepping randomly (stuck).
  9359 | D:9      | 9359 ||| Stepping randomly (stuck).
  9360 | D:9      | 9360 ||| Stepping randomly (stuck).
  9361 | D:9      | 9361 ||| Stepping randomly (stuck).
  9362 | D:9      | 9362 ||| Stepping randomly (stuck).
  9363 | D:9      | 9363 ||| Stepping randomly (stuck).
  9364 | D:9      | 9364 ||| Stepping randomly (stuck).
  9365 | D:9      | 9365 ||| Stepping randomly (stuck).
  9366 | D:9      | 9366 ||| Stepping randomly (stuck).
  9367 | D:9      | 9367 ||| Stepping randomly (stuck).
  9368 | D:9      | 9368 ||| Stepping randomly (stuck).
  9369 | D:9      | 9369 ||| Stepping randomly (stuck).
  9370 | D:9      | 9370 ||| Stepping randomly (stuck).
  9371 | D:9      | 9371 ||| Stepping randomly (stuck).
  9372 | D:9      | 9372 ||| Stepping randomly (stuck).
  9373 | D:9      | 9373 ||| Stepping randomly (stuck).
  9374 | D:9      | 9374 ||| Stepping randomly (stuck).
  9375 | D:9      | 9375 ||| Stepping randomly (stuck).
  9376 | D:9      | 9376 ||| Stepping randomly (stuck).
  9377 | D:9      | 9377 ||| Stepping randomly (stuck).
  9378 | D:9      | 9378 ||| Stepping randomly (stuck).
  9379 | D:9      | 9379 ||| Stepping randomly (stuck).
  9380 | D:9      | 9380 ||| Stepping randomly (stuck).
  9381 | D:9      | 9381 ||| Stepping randomly (stuck).
  9382 | D:9      | 9382 ||| Stepping randomly (stuck).
  9383 | D:9      | 9383 ||| Stepping randomly (stuck).
  9384 | D:9      | 9384 ||| Stepping randomly (stuck).
  9385 | D:9      | 9385 ||| Stepping randomly (stuck).
  9386 | D:9      | 9386 ||| Stepping randomly (stuck).
  9387 | D:9      | 9387 ||| Stepping randomly (stuck).
  9388 | D:9      | 9388 ||| Stepping randomly (stuck).
  9389 | D:9      | 9389 ||| Stepping randomly (stuck).
  9390 | D:9      | 9390 ||| Stepping randomly (stuck).
  9391 | D:9      | 9391 ||| Stepping randomly (stuck).
  9392 | D:9      | 9392 ||| Stepping randomly (stuck).
  9393 | D:9      | 9393 ||| Stepping randomly (stuck).
  9394 | D:9      | 9394 ||| Stepping randomly (stuck).
  9395 | D:9      | 9395 ||| Stepping randomly (stuck).
  9396 | D:9      | 9396 ||| Stepping randomly (stuck).
  9397 | D:9      | 9397 ||| Stepping randomly (stuck).
  9398 | D:9      | 9398 ||| Stepping randomly (stuck).
  9399 | D:9      | 9399 ||| Stepping randomly (stuck).
  9400 | D:9      | 9400 ||| Stepping randomly (stuck).
  9401 | D:9      | 9401 ||| Stepping randomly (stuck).
  9402 | D:9      | 9402 ||| Stepping randomly (stuck).
  9403 | D:9      | 9403 ||| Stepping randomly (stuck).
  9404 | D:9      | 9404 ||| Stepping randomly (stuck).
  9405 | D:9      | 9405 ||| Stepping randomly (stuck).
  9406 | D:9      | 9406 ||| Stepping randomly (stuck).
  9407 | D:9      | 9407 ||| Stepping randomly (stuck).
  9408 | D:9      | 9408 ||| Stepping randomly (stuck).
  9409 | D:9      | 9409 ||| Stepping randomly (stuck).
  9410 | D:9      | 9410 ||| Stepping randomly (stuck).
  9411 | D:9      | 9411 ||| Stepping randomly (stuck).
  9412 | D:9      | 9412 ||| Stepping randomly (stuck).
  9413 | D:9      | 9413 ||| Stepping randomly (stuck).
  9414 | D:9      | 9414 ||| Stepping randomly (stuck).
  9415 | D:9      | 9415 ||| Stepping randomly (stuck).
  9416 | D:9      | 9416 ||| Stepping randomly (stuck).
  9417 | D:9      | 9417 ||| Stepping randomly (stuck).
  9418 | D:9      | 9418 ||| Stepping randomly (stuck).
  9419 | D:9      | 9419 ||| Stepping randomly (stuck).
  9420 | D:9      | 9420 ||| Stepping randomly (stuck).
  9421 | D:9      | 9421 ||| Stepping randomly (stuck).
  9422 | D:9      | 9422 ||| Stepping randomly (stuck).
  9423 | D:9      | 9423 ||| Stepping randomly (stuck).
  9424 | D:9      | 9424 ||| Stepping randomly (stuck).
  9425 | D:9      | 9425 ||| Stepping randomly (stuck).
  9426 | D:9      | 9426 ||| Stepping randomly (stuck).
  9427 | D:9      | 9427 ||| Stepping randomly (stuck).
  9428 | D:9      | 9428 ||| Stepping randomly (stuck).
  9429 | D:9      | 9429 ||| Stepping randomly (stuck).
  9430 | D:9      | 9430 ||| Stepping randomly (stuck).
  9431 | D:9      | 9431 ||| Stepping randomly (stuck).
  9432 | D:9      | 9432 ||| Stepping randomly (stuck).
  9433 | D:9      | 9433 ||| Stepping randomly (stuck).
  9434 | D:9      | 9434 ||| Stepping randomly (stuck).
  9435 | D:9      | 9435 ||| Stepping randomly (stuck).
  9436 | D:9      | 9436 ||| Stepping randomly (stuck).
  9437 | D:9      | 9437 ||| Stepping randomly (stuck).
  9438 | D:9      | 9438 ||| Stepping randomly (stuck).
  9439 | D:9      | 9439 ||| Stepping randomly (stuck).
  9440 | D:9      | 9440 ||| Stepping randomly (stuck).
  9441 | D:9      | 9441 ||| Stepping randomly (stuck).
  9442 | D:9      | 9442 ||| Stepping randomly (stuck).
  9443 | D:9      | 9443 ||| Stepping randomly (stuck).
  9444 | D:9      | 9444 ||| Stepping randomly (stuck).
  9445 | D:9      | 9445 ||| Stepping randomly (stuck).
  9446 | D:9      | 9446 ||| Stepping randomly (stuck).
  9447 | D:9      | 9447 ||| Stepping randomly (stuck).
  9448 | D:9      | 9448 ||| Stepping randomly (stuck).
  9449 | D:9      | 9449 ||| Stepping randomly (stuck).
  9450 | D:9      | 9450 ||| Stepping randomly (stuck).
  9451 | D:9      | 9451 ||| Stepping randomly (stuck).
  9452 | D:9      | 9452 ||| Stepping randomly (stuck).
  9453 | D:9      | 9453 ||| Stepping randomly (stuck).
  9454 | D:9      | 9454 ||| Stepping randomly (stuck).
  9455 | D:9      | 9455 ||| Stepping randomly (stuck).
  9456 | D:9      | 9456 ||| Stepping randomly (stuck).
  9457 | D:9      | 9457 ||| Stepping randomly (stuck).
  9458 | D:9      | 9458 ||| Stepping randomly (stuck).
  9459 | D:9      | 9459 ||| Stepping randomly (stuck).
  9460 | D:9      | 9460 ||| Stepping randomly (stuck).
  9461 | D:9      | 9461 ||| Stepping randomly (stuck).
  9462 | D:9      | 9462 ||| Stepping randomly (stuck).
  9463 | D:9      | Quit the game

Levels and vault maps discovered:
D:1:      shiori_shiawase, layout_basic, hellmonk_ecumenical_altar_arch_garden
D:2:      layout_loops_ring, minmay_statues_item, uniq_natasha
D:3:      layout_loops_ring, minmay_overflow_temple_star_quad, serial_shops,
          nicolae_shop_overgrown_old_shop, uniq_pargi, uniq_jessica, uniq_robin
D:4:      layout_gridville, minmay_misc_feat_secret_circle
D:5:      layout_gridville, ebering_dispersal_statue_hall,
          hangedman_decor_opposing, st_stairs_9, uniq_eustachio
D:6:      layout_rooms, nicolae_overflow_two_pavilions,
          kennysheep_generic_room_9, uniq_maggie
D:7:      layout_rooms, mainiacjoe_overflow_swirl,
          gammafunk_temple_overflow_wave, minmay_temple_entry_arrows,
          serial_shops, nicolae_shop_statue_plus, shop_statue, shop, shop
D:8:      layout_loops_ring
D:9:      minmay_cut_squares, layout_loops_ring, gammafunk_temple_of_torment,
          nicolae_overflow_hidden_temple, kennysheep_generic_room_3

Skill      XL: |  1  2  3  4  5  6  7  8  9 10 |
---------------+-------------------------------+-----
Axes           | 2 3 4 5 6 7 9 |  9.3
Fighting       | 4 5 8 |  8.2
Armour         | 4 5 6 7 |  7.0
Dodging        | 2 |  2.3
Invocations    | 4 |  4.3
Throwing       | 1 2 |  2.0
Shields        | 4 |  4.2

Action                   |  1- 3 |  4- 6 |  7- 9 | 10-12 || total
-------------------------+-------+-------+-------+-------++-------
Melee: War axe           |    47 |   184 |   327 |    32 ||   590
       Flail             |       |       |    11 |       ||    11
Throw: Boomerang         |       |       |    14 |     2 ||    16
       Javelin           |       |       |    26 |    10 ||    36
Invok: Heroism           |       |       |    14 |     2 ||    16
  Use: Scroll            |     2 |     7 |     4 |     6 ||    19
       Potion            |     1 |     2 |     1 |     6 ||    10
Armor: Scale mail        |    16 |       |       |       ||    16
       Plate armour      |     7 |   167 |   241 |    21 ||   436
Dodge: Dodged            |    12 |    70 |   111 |     7 ||   200
Block: Buckler           |     9 |    91 |   163 |    16 ||   279
       Reflection        |       |       |     3 |     4 ||     7

Table legend:
 A = Non-vault XP
 B = Vault XP
 C = Vault XP percentage of total XP
 D = Non-vault monster count
 E = Vault monster count
 F = Vault count percentage of total count
                 A         B        C        D         E       F
            +---------+---------+-------+---------+---------+-------
      Total |    5173 |     990 |  16.1 |     157 |      21 |  11.8
            +---------+---------+-------+---------+---------+-------
        D:1 |      20 |       0 |   0.0 |      11 |       0 |   0.0
        D:2 |     138 |      35 |  20.2 |      18 |       1 |   5.3
        D:3 |     144 |     215 |  59.9 |      28 |      14 |  33.3
        D:4 |     169 |       0 |   0.0 |      15 |       0 |   0.0
        D:5 |     382 |     233 |  37.9 |      19 |       3 |  13.6
        D:6 |    1203 |     507 |  29.6 |      22 |       3 |  12.0
        D:7 |    2342 |       0 |   0.0 |      23 |       0 |   0.0
        D:8 |     728 |       0 |   0.0 |      18 |       0 |   0.0
        D:9 |      47 |       0 |   0.0 |       3 |       0 |   0.0
            +---------+---------+-------+---------+---------+-------
